[ AOE2 MATCH · #495284271 ]
UnrankedMongols vs Spanish
Player's team · WIN
Rival team · LOSS
[ REPLAY ANALYSIS · EXTRACTED FROM THE RECORDED GAME ]
Feudal
8:26
Castle
21:53
Imperial
—
| APM avg | 40.7 |
| APM peak | 110 |
| eAPM avg | 23.7 |
| Villagers / military | 77 / 170 |
Focus
⚔️ 32.2% · 🌾 67.8%
Steppe Lancer ×102 · Scout Cavalry ×58 · Archer ×6 · Battering Ram ×4
Feudal
9:33
Castle
23:38
Imperial
—
| APM avg | 38.5 |
| APM peak | 99 |
| eAPM avg | 16.3 |
| Villagers / military | 76 / 27 |
Focus
⚔️ 22.7% · 🌾 77.3%
Conquistador ×16 · Skirmisher ×5 · Spearman ×4 · Missionary ×2
Match map
Initial resources + every placement click. Lines = walls · curves = elevation contours. ◆ gold · ⬟ stone · ● berries · ✦ relic · ◌ wall gap
Your base· ✓ Closed at 21:53 · 101t walls · 1 gate(s)
AnhGiaiSayXe's base· Open — opponent sealed themselves in
Smoothed initial terrain · ◌ = detected wall gap · hover for details
Inputs per minute
— ZRT Enox - - AnhGiaiSayXe
Build order — ZRT Enox
First 150 of 314 actions detected
| 0:01 | Queue | Villager (Male) |
| 0:01 | Queue | Villager (Male) |
| 0:02 | Build | House |
| 0:03 | Build | House |
| 0:04 | Queue | Villager (Male) |
| 0:04 | Queue | Villager (Male) |
| 0:04 | Queue | Villager (Male) |
| 0:04 | Queue | Villager (Male) |
| 1:28 | Queue | Villager (Male) |
| 1:28 | Queue | Villager (Male) |
| 1:28 | Queue | Villager (Male) |
| 1:52 | Build | Lumber Camp |
| 1:59 | Queue | Villager (Male) |
| 1:59 | Queue | Villager (Male) |
| 1:59 | Queue | Villager (Male) |
| 2:13 | Queue | Villager (Male) |
| 2:13 | Queue | Villager (Male) |
| 2:45 | Queue | Villager (Male) |
| 2:46 | Queue | Villager (Male) |
| 2:46 | Queue | Villager (Male) |
| 3:09 | Queue | Villager (Male) |
| 3:10 | Queue | Villager (Male) |
| 3:10 | Queue | Villager (Male) |
| 3:44 | Queue | Villager (Male) |
| 3:44 | Queue | Villager (Male) |
| 3:44 | Queue | Villager (Male) |
| 3:57 | Build | House |
| 3:59 | Build | House |
| 4:11 | Queue | Villager (Male) |
| 4:11 | Queue | Villager (Male) |
| 4:12 | Queue | Villager (Male) |
| 4:36 | Queue | Villager (Male) |
| 4:36 | Queue | Villager (Male) |
| 4:37 | Queue | Villager (Male) |
| 4:37 | Queue | Villager (Male) |
| 4:53 | Build | Mill |
| 5:21 | Queue | Villager (Male) |
| 5:35 | Research | Loom |
| 6:15 | Research | Feudal Age |
| 7:57 | Build | Barracks |
| 8:25 | Queue | Villager (Male) |
| 8:26 | Age | Feudal Age |
| 8:26 | Queue | Villager (Male) |
| 8:38 | Build | Stable |
| 8:44 | Research | Double-Bit Axe |
| 8:51 | Queue | Villager (Male) |
| 8:54 | Queue | Villager (Male) |
| 9:12 | Build | House |
| 9:13 | Build | House |
| 9:20 | Queue | Scout Cavalry |
| 9:20 | Queue | Scout Cavalry |
| 9:20 | Queue | Scout Cavalry |
| 9:28 | Build | House |
| 9:30 | Build | Palisade Wall |
| 9:58 | Queue | Scout Cavalry |
| 10:11 | Queue | Villager (Male) |
| 10:11 | Queue | Villager (Male) |
| 10:40 | Queue | Scout Cavalry |
| 10:47 | Queue | Villager (Male) |
| 10:47 | Queue | Villager (Male) |
| 10:53 | Build | Farm |
| 10:53 | Build | Farm |
| 10:53 | Build | Farm |
| 10:53 | Build | Farm |
| 10:53 | Build | Farm |
| 10:54 | Build | Farm |
| 10:54 | Build | Farm |
| 11:08 | Build | Farm |
| 11:17 | Queue | Villager (Male) |
| 11:17 | Queue | Villager (Male) |
| 11:18 | Queue | Villager (Male) |
| 11:46 | Queue | Villager (Male) |
| 11:47 | Queue | Villager (Male) |
| 11:52 | Build | Mining Camp |
| 12:15 | Queue | Villager (Male) |
| 12:30 | Build | Archery Range |
| 12:54 | Queue | Villager (Male) |
| 13:08 | Build | Blacksmith |
| 13:10 | Build | Palisade Wall |
| 13:13 | Build | House |
| 13:16 | Build | Palisade Wall |
| 13:19 | Queue | Villager (Male) |
| 13:29 | Queue | Archer |
| 13:30 | Queue | Archer |
| 13:30 | Queue | Archer |
| 13:30 | Queue | Archer |
| 13:36 | Queue | Villager (Male) |
| 13:48 | Queue | Archer |
| 14:09 | Queue | Villager (Male) |
| 14:17 | Queue | Archer |
| 14:37 | Queue | Villager (Male) |
| 14:40 | Queue | Villager (Male) |
| 14:45 | Build | Market |
| 14:47 | Build | Palisade Wall |
| 14:53 | Build | House |
| 14:54 | Queue | Villager (Male) |
| 15:11 | Research | Fletching |
| 16:03 | Queue | Villager (Male) |
| 16:12 | Build | Farm |
| 16:12 | Build | Farm |
| 16:12 | Build | Farm |
| 16:13 | Build | Farm |
| 16:14 | Build | Farm |
| 16:15 | Build | Farm |
| 16:21 | Research | Horse Collar |
| 16:21 | Research | Horse Collar |
| 16:21 | Research | Horse Collar |
| 16:23 | Queue | Villager (Male) |
| 16:28 | Queue | Villager (Male) |
| 17:50 | Queue | Villager (Male) |
| 17:53 | Build | Farm |
| 17:55 | Build | Farm |
| 17:56 | Build | Farm |
| 17:57 | Queue | Villager (Male) |
| 18:00 | Build | Farm |
| 18:00 | Build | Farm |
| 18:01 | Queue | Villager (Male) |
| 19:04 | Queue | Villager (Male) |
| 19:07 | Build | House |
| 19:13 | Research | Castle Age |
| 19:13 | Research | Castle Age |
| 19:42 | Build | Stable |
| 19:43 | Build | Stable |
| 19:43 | Build | Stable |
| 19:44 | Build | Stable |
| 19:47 | Research | Gold Mining |
| 19:56 | Research | Forging |
| 19:56 | Research | Scale Barding Armor |
| 20:10 | Build | Palisade Wall |
| 20:15 | Build | Palisade Wall |
| 20:18 | Build | Palisade Wall |
| 20:21 | Build | Palisade Wall |
| 20:24 | Build | Palisade Wall |
| 20:29 | Build | Palisade Wall |
| 20:31 | Build | Palisade Wall |
| 20:35 | Build | Palisade Gate |
| 20:42 | Research | Bloodlines |
| 20:46 | Research | Scale Barding Armor |
| 20:46 | Research | Scale Barding Armor |
| 20:47 | Research | Scale Barding Armor |
| 21:26 | Build | Lumber Camp |
| 21:53 | Age | Castle Age |
| 21:59 | Queue | Steppe Lancer |
| 21:59 | Queue | Steppe Lancer |
| 22:00 | Research | Husbandry |
| 22:05 | Build | Farm |
| 22:08 | Queue | Villager (Male) |
| 22:11 | Build | Farm |
| 22:24 | Build | Farm |
| 22:26 | Queue | Villager (Male) |
Build order — AnhGiaiSayXe
First 150 of 222 actions detected
| 0:10 | Build | House |
| 0:12 | Build | House |
| 0:17 | Queue | Villager (Male) |
| 0:17 | Queue | Villager (Male) |
| 0:18 | Queue | Villager (Male) |
| 0:18 | Queue | Villager (Male) |
| 1:41 | Queue | Villager (Male) |
| 2:09 | Queue | Villager (Male) |
| 2:09 | Queue | Villager (Male) |
| 2:09 | Queue | Villager (Male) |
| 2:33 | Queue | Villager (Male) |
| 2:33 | Queue | Villager (Male) |
| 2:58 | Queue | Villager (Male) |
| 2:58 | Queue | Villager (Male) |
| 3:13 | Queue | Villager (Male) |
| 3:22 | Build | House |
| 3:47 | Queue | Villager (Male) |
| 4:20 | Queue | Villager (Male) |
| 4:26 | Queue | Villager (Male) |
| 4:37 | Build | Lumber Camp |
| 5:02 | Queue | Villager (Male) |
| 5:27 | Build | House |
| 5:29 | Build | House |
| 5:31 | Build | Palisade Wall |
| 5:34 | Queue | Villager (Male) |
| 5:55 | Queue | Villager (Male) |
| 6:24 | Queue | Villager (Male) |
| 6:24 | Queue | Villager (Male) |
| 6:54 | Research | Loom |
| 7:05 | Build | Mill |
| 7:23 | Research | Feudal Age |
| 7:23 | Research | Loom |
| 7:30 | Build | House |
| 7:33 | Build | House |
| 8:30 | Build | House |
| 8:36 | Build | House |
| 9:10 | Build | House |
| 9:13 | Build | Palisade Wall |
| 9:33 | Age | Feudal Age |
| 9:46 | Research | Double-Bit Axe |
| 9:46 | Research | Double-Bit Axe |
| 9:51 | Queue | Villager (Male) |
| 9:52 | Queue | Villager (Male) |
| 9:58 | Build | Barracks |
| 10:34 | Queue | Spearman |
| 10:38 | Build | Farm |
| 10:39 | Build | Farm |
| 10:44 | Queue | Villager (Male) |
| 10:49 | Build | Farm |
| 10:55 | Build | Farm |
| 10:59 | Build | Farm |
| 11:01 | Build | Farm |
| 11:05 | Queue | Villager (Male) |
| 11:05 | Queue | Villager (Male) |
| 11:44 | Build | Lumber Camp |
| 12:01 | Queue | Villager (Male) |
| 12:02 | Queue | Villager (Male) |
| 12:09 | Queue | Spearman |
| 12:24 | Build | House |
| 12:26 | Build | House |
| 12:36 | Build | Farm |
| 12:37 | Queue | Villager (Male) |
| 12:37 | Queue | Villager (Male) |
| 12:57 | Build | Farm |
| 12:58 | Build | Farm |
| 13:03 | Build | Farm |
| 13:05 | Queue | Villager (Male) |
| 13:42 | Build | Farm |
| 13:44 | Queue | Villager (Male) |
| 14:16 | Build | House |
| 14:18 | Build | House |
| 14:23 | Build | Blacksmith |
| 14:25 | Build | House |
| 14:28 | Queue | Spearman |
| 14:31 | Queue | Villager (Male) |
| 14:31 | Queue | Villager (Male) |
| 14:46 | Build | Farm |
| 14:47 | Build | Farm |
| 15:03 | Build | House |
| 15:08 | Build | Palisade Wall |
| 15:10 | Build | House |
| 15:12 | Build | Farm |
| 15:13 | Build | Farm |
| 15:16 | Queue | Villager (Male) |
| 15:50 | Queue | Villager (Male) |
| 15:51 | Queue | Villager (Male) |
| 16:32 | Build | Farm |
| 16:38 | Build | Archery Range |
| 16:49 | Queue | Villager (Male) |
| 16:49 | Queue | Villager (Male) |
| 17:03 | Build | Archery Range |
| 17:14 | Build | House |
| 17:42 | Queue | Villager (Male) |
| 17:42 | Queue | Villager (Male) |
| 17:48 | Build | Mining Camp |
| 17:59 | Queue | Skirmisher |
| 17:59 | Queue | Skirmisher |
| 18:26 | Build | Palisade Wall |
| 18:36 | Queue | Skirmisher |
| 18:36 | Queue | Skirmisher |
| 19:04 | Queue | Spearman |
| 19:09 | Build | Mining Camp |
| 19:18 | Queue | Villager (Male) |
| 19:18 | Queue | Villager (Male) |
| 19:58 | Queue | Villager (Male) |
| 20:00 | Queue | Villager (Male) |
| 20:52 | Research | Castle Age |
| 21:51 | Research | Horse Collar |
| 22:01 | Queue | Skirmisher |
| 22:39 | Research | Wheelbarrow |
| 22:45 | Build | Stable |
| 22:52 | Build | House |
| 22:53 | Build | House |
| 22:53 | Build | House |
| 22:54 | Build | House |
| 22:59 | Build | House |
| 23:38 | Age | Castle Age |
| 23:42 | Build | Town Center |
| 24:07 | Build | Farm |
| 24:24 | Queue | Villager (Male) |
| 24:24 | Queue | Villager (Male) |
| 24:27 | Research | Bow Saw |
| 24:27 | Research | Bow Saw |
| 24:34 | Queue | Villager (Male) |
| 24:34 | Queue | Villager (Male) |
| 24:34 | Queue | Villager (Male) |
| 24:48 | Build | Castle |
| 24:52 | Build | Farm |
| 24:58 | Queue | Villager (Male) |
| 25:01 | Research | Town Watch |
| 25:02 | Queue | Villager (Male) |
| 25:07 | Build | Farm |
| 25:08 | Build | Farm |
| 25:11 | Queue | Villager (Male) |
| 25:42 | Queue | Conquistador |
| 25:43 | Queue | Conquistador |
| 25:57 | Build | Farm |
| 26:16 | Queue | Villager (Male) |
| 26:27 | Build | Monastery |
| 26:29 | Queue | Villager (Male) |
| 26:35 | Queue | Conquistador |
| 26:36 | Queue | Conquistador |
| 26:39 | Queue | Villager (Male) |
| 26:46 | Build | House |
| 26:47 | Build | House |
| 26:52 | Build | House |
| 27:16 | Queue | Conquistador |
| 27:16 | Queue | Conquistador |
| 27:36 | Queue | Conquistador |
| 27:36 | Queue | Conquistador |
Match timeline
| 5:31 | AnhGiaiSayXe · wall_segment Palisade Wall x1 |
| 7:57 | ZRT Enox · first_building Barracks |
| 8:26 | ZRT Enox · age_up feudal |
| 8:38 | ZRT Enox · first_building Stable |
| 9:13 | AnhGiaiSayXe · wall_segment Palisade Wall x13 |
| 9:30 | ZRT Enox · wall_segment Palisade Wall x7 |
| 9:33 | AnhGiaiSayXe · age_up feudal |
| 9:58 | AnhGiaiSayXe · first_building Barracks |
| 12:30 | ZRT Enox · first_building Archery Range |
| 13:10 | ZRT Enox · wall_segment Palisade Wall x4 |
| 13:16 | ZRT Enox · wall_segment Palisade Wall x18 |
| 14:47 | ZRT Enox · wall_segment Palisade Wall x5 |
| 15:08 | AnhGiaiSayXe · wall_segment Palisade Wall x8 |
| 16:38 | AnhGiaiSayXe · first_building Archery Range |
| 18:26 | AnhGiaiSayXe · wall_segment Palisade Wall x1 |
| 20:10 | ZRT Enox · wall_segment Palisade Wall x12 |
| 20:15 | ZRT Enox · wall_segment Palisade Wall x13 |
| 20:18 | ZRT Enox · wall_segment Palisade Wall x12 |
| 20:21 | ZRT Enox · wall_segment Palisade Wall x13 |
| 20:24 | ZRT Enox · wall_segment Palisade Wall x9 |
| 20:29 | ZRT Enox · wall_segment Palisade Wall x7 |
| 20:31 | ZRT Enox · wall_segment Palisade Wall x5 |
| 21:53 | ZRT Enox · age_up castle |
| 21:57 | ZRT Enox · first_market_buy 100 wood |
| 22:22 | ZRT Enox · first_market_sell 100 stone |
| 22:45 | AnhGiaiSayXe · first_building Stable |
| 23:38 | AnhGiaiSayXe · age_up castle |
| 24:48 | AnhGiaiSayXe · first_building Castle |
| 26:27 | AnhGiaiSayXe · first_building Monastery |
| 30:34 | ZRT Enox · first_building Siege Workshop |
| 36:28 | AnhGiaiSayXe · resign |
[ AI ANALYSIS · 1 CREDIT ]
What really happened in this match?
Wolo.gg analyzes every decision: build order, eco, micro, common mistakes by bracket. Personalized analysis on WhatsApp or Discord in 30 seconds.
Civ guide
Mongols
Perfil
Jugador #2791076